 Dungeon Crawl Stone Soup version 0.26-a0-1060-g086102a3f0 (webtiles) character file.

Game seed: 13325044014917255574

480 dolemite99 the Cudgeller (level 6, -4/47 HPs)
             Began as a Demonspawn Fighter on Dec 13, 2020.
             Was an Initiate of Okawaru.
             Slain by Sigmund
             ... wielding a +0 scythe
              (6 damage)
             ... on level 4 of the Dungeon.
             The game lasted 00:04:59 (3456 turns).

dolemite99 the Cudgeller (Demonspawn Fighter)       Turns: 3456, Time: 00:04:59

Health: -4/47      AC: 11    Str: 18    XL:     6   Next: 86%
Magic:  6/6        EV:  7    Int:  9    God:    Okawaru [......]
Gold:   190        SH: 17    Dex: 13    Spells: 5/5 levels left

rFire    . . .     SeeInvis .   a - +0 flail
rCold    . . .     Faith    .   c - +2 kite shield
rNeg     . . .     Spirit   .   v - +2 scale mail {Will+}
rPois    .         Reflect  .   (helmet restricted)
rElec    .         Harm     .   (no cloak)
rCorr    .         Rampage  .   l - +2 pair of gloves
Will     +....                  (no boots)
Stlth    ..........             (no amulet)
HPRegen  0.15/turn              (no ring)
MPRegen  0.10/turn              (no ring)

@: mighty, attractive
A: horns 1, large bone plates 2
a: Renounce Religion


You were on level 4 of the Dungeon.
You worshipped Okawaru.
Okawaru was noncommittal.
You visited 1 branch of the dungeon, and saw 4 of its levels.

You collected 190 gold pieces.

Inventory:

Hand Weapons
 a - a +0 flail (weapon)
 e - a +2 short sword of freezing
Missiles
 n - 123 stones (quivered)
 s - 18 bolts
Armour
 b - a +0 scale mail
 c - a +2 kite shield (worn)
 l - a +2 pair of gloves (worn)
 r - a +0 chain mail
 v - a +2 scale mail of willpower (worn)
Jewellery
 p - an uncursed ring of resist corrosion {unknown}
Scrolls
 f - 5 scrolls of identify {@r1}
 i - 4 scrolls of blinking
 t - a scroll of enchant weapon
 u - a scroll of remove curse {unknown}
Potions
 g - a potion of brilliance


   Skills:
 - Level 3.0 Fighting
 + Level 5.8 Maces & Flails
 - Level 2.6 Armour
 - Level 4.4 Shields


You had 5 spell levels left.
You didn't know any spells.
Your spell library contained the following spells:

 Spells                   Type           Power        Failure   Level
 Magic Dart               Conj           #...         99%         1
 Blink                    Tloc           N/A          100%        2
 Call Imp                 Summ           #.......     100%        2
 Slow                     Hex            #.......     100%        2
 Conjure Flame            Conj/Fire      #.......     100%        3
 Mephitic Cloud           Conj/Pois/Air  #.......     100%        3


Dungeon Overview and Level Annotations

Branches:
Dungeon (4/15)
 Temple: D:4-7

Altars:
Okawaru

Annotations:
D:2 1 runed translucent door, Crazy Yiuf
D:4 Sigmund


Innate Abilities, Weirdness & Mutations

You have a pair of small horns on your head.
You are mostly covered in large bone plates. (SH +6)


Message History

The hound is almost dead.
You block the hound's attack. You block something's attack.
You block the hound's attack.
You completely miss the hound. Your headbutt misses the hound.
The hound is almost dead.
You block the hound's attack. Something hits you but does no damage.
The hound bites you but does no damage.
Your shield prevents you from hitting the hound.
You headbutt the hound.
You kill the hound!
Okawaru accepts your kill.
An orc wizard comes into view. It is wielding a +0 dagger.
Something hits you.
* * * LOW HITPOINT WARNING * * *
The orc wizard is pulled toward you!
You feel very mighty all of a sudden. You block the orc priest's attack.
The orc wizard hits you but does no damage.
Something hits you.
You die...

.........##.....##.....#
**<,,**
******#..#.......#.....#
***,,*
#..#.......#†#>..# *,,,,
#......_....†#...# *,,,,
#..#..†....#.##### *,,,,
#..#..)....#.# *,,,,
##.##.....##.# *,,,,
#.####.####{# *,,,,
#.......o@o.# *****
####......### ########


You could see an orc priest and an orc wizard.

Vanquished Creatures
  A phantom (D:3)
  A howler monkey (D:4)
  A hound (D:4)
  2 orc wizards
  3 orc priests
  Terence (D:2)
  5 adders
  2 worms (D:2)
  A dart slug (D:4)
  2 leopard geckos (D:3)
  6 orcs
  2 giant cockroaches (D:1)
  6 goblins
  15 hobgoblins
  7 jackals
  7 kobolds
  4 quokkas
  A ball python (D:1)
  10 bats
  9 frilled lizards
  5 rats
91 creatures vanquished.

Notes
Turn   | Place    | Note
-------+----------+-------------------------------------------
     0 | D:1      | dolemite99 the Demonspawn Fighter began the quest for the
                  | Orb.
     0 | D:1      | Reached XP level 1. HP: 18/18 MP: 1/1
    37 | D:1      | Reached skill level 2 in Maces & Flails
   139 | D:1      | Gained mutation: You are partially covered in large bone
                  | plates. (SH +4) [demonic ancestry]
   139 | D:1      | Reached XP level 2. HP: 18/24 MP: 2/2
   455 | D:1      | Reached skill level 3 in Maces & Flails
   799 | D:2      | Gained mutation: You are mostly covered in large bone
                  | plates. (SH +6) [demonic ancestry]
   799 | D:2      | Reached XP level 3. HP: 29/29 MP: 3/3
  1572 | D:2      | Noticed Terence
  1588 | D:2      | Killed Terence
  1589 | D:2      | Reached skill level 4 in Maces & Flails
  1589 | D:2      | Reached XP level 4. HP: 20/35 MP: 4/4
  1763 | D:2      | Found a runed translucent door.
  1764 | D:2      | Noticed Crazy Yiuf
  2378 | D:3      | Noticed a phantom
  2436 | D:3      | Killed a phantom
  2437 | D:3      | Gained mutation: You have a pair of small horns on your
                  | head. [demonic ancestry]
  2437 | D:3      | Reached XP level 5. HP: 26/41 MP: 5/5
  2986 | D:3      | Reached XP level 6. HP: 45/47 MP: 6/6
  3253 | D:3      | Reached skill level 5 in Maces & Flails
  3343 | D:4      | Found an iron altar of Okawaru.
  3380 | D:4      | Became a worshipper of Warmaster Okawaru
  3424 | D:4      | Noticed Sigmund
  3455 | D:4      | HP: 2/47 [something (5)]
  3456 | D:4      | Slain by Sigmund

Illustrated notes

Levels and vault maps discovered:
D:1:      lemuel_arrival_cross, layout_rooms, minmay_tromino_v4_c
D:2:      layout_basic, uniq_crazy_yiuf_cottage, uniq_terence
D:3:      layout_loops_ring
D:4:      layout_rooms, old_standard_altar, minmay_misc_feat_four_crosses,
          uniq_eustachio, uniq_sigmund

Skill      XL: |  1  2  3  4  5  6 |
---------------+-------------------+-----
Maces & Flails | 2 3 4 5 |  5.8
Shields        | 4 |  4.4
Fighting       | |  3.0
Armour         | |  2.6

Action                   |  1- 3 |  4- 6 || total
-------------------------+-------+-------++-------
Melee: Flail             |   152 |   166 ||   318
       Headbutt          |       |    16 ||    16
Throw: Boomerang         |     2 |    59 ||    61
       Stone             |       |     3 ||     3
  Use: Scroll            |       |     8 ||     8
       Potion            |       |     6 ||     6
Armor: Scale mail        |    79 |     9 ||    88
       Chain mail        |       |    43 ||    43
Dodge: Dodged            |    40 |    10 ||    50
Block: Kite shield       |   138 |   153 ||   291

Table legend: (Time is in decaauts)
 A = Elapsed time spent in this place.
 B = Non-inter-level travel time spent in this place.
 C = Inter-level travel time spent in this place.
 D = Time resting spent in this place.
 E = Time spent auto-exploring this place.
 F = Levels seen in this place.
 G = Mean time per level.
                   A        B        C        D        E       F      G
               +--------+--------+--------+--------+--------+-----+--------+
         Total |   3577 |   3526 |     51 |   1009 |   1536 |   4 |  894.2 |
       Dungeon |   3577 |   3526 |     51 |   1009 |   1536 |   4 |  894.2 |
               +--------+--------+--------+--------+--------+-----+--------+

Top non-repeatable levels by time:
     D:2: 1443 daAuts
     D:3: 1157 daAuts
     D:1: 805 daAuts
     D:4: 171 daAuts
